 Dungeon Crawl Stone Soup version 0.32-a0-35-gd9ff480968 (webtiles) character file.

Game seed: 12263445441661389251

139647 Atlas the Eclecticist (level 17, -6/132 (133) HPs)
             Began as a Naga Earth Elementalist on Jan 21, 2024.
             Was the Champion of Cheibriados.
             Mangled by a wolf spider simulacrum (10 damage)
             ... on level 1 of the Spider Nest.
             The game lasted 01:09:23 (33526 turns).

Atlas the Eclecticist (Naga Earth Elementalist)    Turns: 33526, Time: 01:09:24

HP:   -6/132 (133)  AC: 28    Str: 24    XL:     17   Next: 29%
MP:   10/37         EV: 11    Int: 35    God:    Cheibriados [******]
Gold: 1574          SH: 12    Dex: 34    Spells: 17/48 levels left

rFire   + . .        L - staff of earth
rCold   + . .        t - +3 buckler {reflect}
rNeg    . . .        V - +4 ring mail {Will+}
rPois   +            h - +1 helmet
rElec   .            y - +2 cloak {rCorr}
rCorr   +            W - +2 pair of gloves
SInv    +            a - +0 barding
Will    +++..        Q - amulet of the acrobat
Stlth   +++          H - ring "Jaadiuzott" {rF+ rC+ Dex+6}
HPRegen 0.42/turn    U - ring of wizardry
MPRegen 0.25/turn

%: reflection, acrobat, wizardry (x1)
@: studying 2 skills, lightly drained, very slow
A: AC +5, large, see invisible, deformed body, poison resistance, slowness 2,
spit poison 1, naga tail 2, dopey 1, weak 1, subdued magic 1
a: Spit Poison, Renounce Religion, Bend Time, Temporal Distortion, Slouch, Step
From Time


You were on level 1 of the Spider Nest.
You worshipped Cheibriados.
Cheibriados was exalted by your worship.
You visited 5 branches of the dungeon, and saw 25 of its levels.

You collected 2682 gold pieces.
You spent 1108 gold pieces at shops.

Inventory:

Missiles
 J - 3 throwing nets
Armour
 a - a +0 barding (worn)
 f - the +5 scale mail "Zutsiwku" {rF+ Str+4}
   (You found it on level 13 of the Dungeon)

   Str+4:     It affects your strength (+4).
   rF+:       It protects you from fire.
 h - a +1 helmet (worn)
 t - a +3 buckler of reflection (worn)
 y - a +2 cloak of preservation (worn)
 P - a scarf of shadows
 V - a +4 ring mail of willpower (worn)
 W - a +2 pair of gloves (worn)
Magical Staves
 L - a staff of earth (weapon)
Jewellery
 w - a +5 ring of evasion
 E - a ring of protection from fire
 H - the ring "Jaadiuzott" (left hand) {rF+ rC+ Dex+6}
   (You found it on level 8 of the Dungeon)

   [ring of dexterity]

   Dex+6:     It affects your dexterity (+6).
   rF+:       It protects you from fire.
   rC+:       It protects you from cold.
 M - a ring of flight
 Q - an amulet of the acrobat (around neck)
 U - a ring of wizardry (right hand)
Wands
 b - a wand of flame (8)
 k - a wand of roots (17)
 o - a wand of paralysis (42)
 q - a wand of light (13)
 z - a wand of polymorph (22)
 O - a wand of mindburst (9)
Scrolls
 g - 8 scrolls of teleportation
 i - 2 scrolls of enchant armour
 j - 3 scrolls of butterflies
 m - 5 scrolls of amnesia
 p - 7 scrolls of enchant weapon
 s - 5 scrolls of revelation
 x - 2 scrolls of brand weapon
 A - 2 scrolls of immolation
 B - 3 scrolls of poison
 G - 3 scrolls of identify
 N - a scroll of silence
Potions
 c - 6 potions of mutation
 d - 3 potions of attraction
 e - 6 potions of curing
 l - 2 potions of might {unknown}
 r - 4 potions of haste
 u - 2 potions of resistance
 v - a potion of invisibility {unknown}
 D - 4 potions of brilliance
 F - a potion of cancellation {unknown}
 I - 4 potions of lignification {unknown}
 K - 2 potions of berserk rage
 R - a potion of magic
 S - a potion of enlightenment {unknown}
Miscellaneous
 n - a sack of spiders
 C - a phial of floods


   Skills:
 - Level 3.8 Fighting
 - Level 0.2 Short Blades
 - Level 0.5(1.7) Maces & Flails
 - Level 2.6(2.7) Staves
 - Level 7.6 Armour
 - Level 4.6 Dodging
 - Level 3.7 Stealth
 - Level 10.5 Shields
 - Level 0.2 Unarmed Combat
 - Level 16.4 Spellcasting
 - Level 7.9 Conjurations
 - Level 10.7 Fire Magic
 - Level 1.8 Air Magic
 - Level 16.1 Earth Magic
 - Level 2.7 Alchemy
 + Level 4.8 Invocations
 - Level 0.2 Evocations


You had 17 spell levels left.
You knew the following spells:

 Your Spells              Type           Power      Damage    Failure   Level
a - Sandblast             Erth           100%       2d20      0%          1
b - Passwall              Erth           100%       N/A       0%          3
c - Stone Arrow           Conj/Erth      100%       3d13      0%          3
d - Brom's Barrelling Bo  Conj/Erth      92%        2d10      1%          4
e - Mephitic Cloud        Conj/Alch/Air  44%        N/A       1%          3
f - Flame Wave            Conj/Fire      64%        2d15      1%          4
g - Lehudib's Crystal Sp  Conj/Erth      46%        10d11     34%         8
h - Freezing Cloud        Conj/Ice/Air   19%        6-21      5%          5

Your spell library contained the following spells:

 Spells                   Type           Power      Damage    Failure   Level
 Freeze                   Ice            88%        1d9       1%          1
 Necrotise                Necr           88%        1d8       1%          1
 Cigotuvi's Dreadful Rot  Necr/Alch/Air  60%        N/A       1%          2
 Sublimation of Blood     Necr           22%        N/A       1%          2
 Dazzling Flash           Conj/Hex       86%        N/A       1%          3
 Frozen Ramparts          Ice            44%        1d7       1%          3
 Hailstorm                Conj/Ice       43%        3d9       1%          3
 Inner Flame              Hex/Fire       50%        N/A       1%          3
 Summon Ice Beast         Ice/Summ       22%        N/A       1%          3
 Tukima's Dance           Hex            22%        N/A       1%          3
 Vampiric Draining        Necr           22%        2d7       1%          3
 Volatile Blastmotes      Fire/Tloc      100%       2d18      1%          3
 Fulminant Prism          Conj/Alch      25%        3d14      1%          4
 Ignite Poison            Fire/Alch      55%        N/A       1%          4
 Iskenderun's Mystic Bla  Conj/Tloc      43%        2d10      1%          4
 Petrify                  Alch/Erth      83%        N/A       1%          4
 Sticky Flame             Fire/Alch      55%        2d10      1%          4
 Summon Blazeheart Golem  Fire/Summ      50%        N/A       1%          4
 Irradiate                Conj/Alch      25%        3d20      2%          5
 Anguish                  Hex/Necr       11%        N/A       8%          4
 Cause Fear               Hex            11%        N/A       8%          4
 Dimensional Bullseye     Hex/Tloc       11%        N/A       8%          4
 Dispel Undead            Necr           22%        3d12      8%          4
 Martyr's Knell           Necr/Summ      22%        N/A       8%          4
 Passage of Golubria      Tloc           22%        N/A       8%          4
 Silence                  Hex/Air        13%        N/A       14%         5
 Curse of Agony           Necr           22%        N/A       21%         5
 Sculpt Simulacrum        Ice/Alch       14%        N/A       52%         6
 Ignition                 Fire           34%        3d10      52%         8
 Death Channel            Necr           11%        N/A       71%         6
 Enfeeble                 Hex            11%        N/A       99%         7


Dungeon Overview and Level Annotations

Branches:
Dungeon (15/15)            Temple (0/1) D:6            Lair (5/5) D:10
  Swamp (0/4) Lair:2       Spider (2/4) Lair:3        Slime (0/5) Lair:5
    Orc (2/2) D:12            Elf (1/3) Orc:2        Vaults (0/5) D:13
 Depths (0/4) D:15

Altars:
Ashenzari
Cheibriados
Elyvilon
Fedhas
Gozag
Nemelex Xobeh
Qazlal
Ru
Sif Muna
Zin
Jiyva

Shops:
D:3 [   D:8 (?!([   Orc:2 [(=*

Annotations:
D:4 3 runed translucent doors, Driedwater's ghost, novice OpSh
D:5 2 transporters, ChongLi's ghost, novice DsAr
Lair:4 2 transporters, croobank's ghost, journeyman FeSu
Elf:1 1 runed translucent door, Couxach's ghost, adept DjFE


Innate Abilities, Weirdness & Mutations

Your serpentine skin is tough. (AC +5)
You have supernaturally acute eyesight. (SInv)
Armour fits poorly on your strangely shaped body.
Your system is resistant to poisons. (rPois)
You cover ground very slowly.
You can spit poison.
You can use your snake-like lower body to constrict enemies.
You are dopey. (Int -2)
You are weak. (Str -2)
Your spells are a little easier to cast, but a little less powerful.


Message History

Confirm with . or Enter, or press ? or * to list all spells.
Aiming: Stone Arrow (safe; 0% risk of failure)
Press: ? - help, Shift-Dir - straight line, f/p - tarantella simulacrum
Aim: a tarantella simulacrum (81% to hit)
You feel a surge of power!
The stone arrow hits the tarantella simulacrum!!
The tarantella simulacrum is severely damaged.
The wolf spider simulacrum barely misses you.
You block the wolf spider simulacrum's attack.
You block the tarantella simulacrum's attack.
The wolf spider simulacrum hits you.
* * * LOW HITPOINT WARNING * * *
The wolf spider simulacrum freezes you. You resist.
* * * LOW HITPOINT WARNING * * *
The wolf spider simulacrum bites you but does no damage.
The wolf spider simulacrum closely misses you.
The wolf spider simulacrum barely misses you.
The tarantella simulacrum closely misses you.
Unknown command.
Casting: Stone Arrow (safe; 0% risk of failure)
Confirm with . or Enter, or press ? or * to list all spells.
Aiming: Stone Arrow (safe; 0% risk of failure)
Press: ? - help, Shift-Dir - straight line, f/p - tarantella simulacrum
Aim: a tarantella simulacrum (severely damaged, 81% to hit)
You feel a surge of power!
The stone arrow hits the tarantella simulacrum!!
The tarantella simulacrum vaporises!
The wolf spider simulacrum hits you but does no damage.
You block the wolf spider simulacrum's attack.
The wolf spider simulacrum hits you.
* * * LOW HITPOINT WARNING * * *
The wolf spider simulacrum freezes you! You resist.
* * * LOW HITPOINT WARNING * * *
The wolf spider simulacrum bites you but does no damage.
You feel better.
You block the wolf spider simulacrum's attack. x2
The wolf spider simulacrum hits you!
* * * LOW HITPOINT WARNING * * *
The wolf spider simulacrum freezes you! You resist.
You die...

#......^............####...#
.##..#......#.#....## #####
..####......#^###.###
#..####..#.##.###...#
#...##......#.^.....#
...####.....#....#### .###
#.#####....#..# ##
##.####^^..Z..# #
##.##..#○@Z.## #
##...#####.## # #....#.#..##
## ##.##..#..# .##
#..###..## #.# ##..#..## .##
##.#..#.# ..# #......## .##
###..####


You could see 2 wolf spider simulacra.

Vanquished Creatures
  An orc warlord (Orc:2)
  An eleionoma (Lair:2)
  Nessos (Lair:3)
  A stone giant (D:15)
  A deep elf death mage (Elf:1)
  4 dire elephants (Lair:5)
  A deep elf annihilator (Elf:1)
  2 entropy weavers (Spider:1)
  A vault guard (D:13)
  3 hydras
  6 two-headed ogres
  2 boulder beetles
  4 centaur warriors
  5 dancing weapons
  3 tengu warriors
  Erica (D:11)
  3 demonic crawlers (Spider:1)
  An occultist (D:15)
  6 orc high priests
  2 death yaks (Lair:5)
  2 skysharks
  Amaemon (D:10)
  6 deep elf knights (Elf:1)
  A fire crab (Lair:5)
  2 pharaoh ants
  A spectral anaconda (Lair:5)
  Lodul (D:11)
  2 orb spiders (Spider:1)
  2 lindwurms
  4 deep elf archers
  Pikel (D:5)
  6 necromancers
  A steelbarb worm (Spider:1)
  12 deep elf pyromancers
  An obsidian statue (Lair:5)
  11 deep elf zephyrmancers (Elf:1)
  8 wolf spiders
  4 orc knights
  5 oklob plants
  5 ugly things
  4 orc sorcerers (Orc:2)
  Maurice (D:7)
  3 manticores
  42 elephants
  5 cyclopes
  A moth of wrath (Spider:1)
  Joseph (D:7)
  3 kobold blastminers (Orc:2)
  A torpor snail (Spider:1)
  A gargoyle (D:10)
  A black mamba (Lair:5)
  An orange demon (D:10)
  4 kobold demonologists
  Maggie (D:7)
  5 rime drakes
  2 unseen horrors
  A dire elephant skeleton (Lair:5)
  14 cane toads
  12 komodo dragons
  Psyche (D:10)
  2 yaktaurs (D:15)
  9 trolls
  2 polar bears (Lair:2)
  2 hornets
  Prince Ribbit (Lair:3)
  23 blink frogs
  5 dream sheep (Lair:4)
  8 tarantellas
  25 slime creatures
  5 shadows
  13 jumping spiders
  29 yaks
  4 vampires
  4 culicivoras (Spider:1)
  A water elemental (Elf:1)
  7 wyverns
  Grum (D:10)
  3 basilisks
  3 wraiths
  4 wargs
  A steam dragon (D:6)
  A death yak simulacrum (Lair:5)
  A basilisk (shapeshifter) (Elf:1)
  21 redbacks
  11 vampire mosquitoes
  Edmund (D:4)
  2 spectral cane toads (Lair:5)
  2 acid dragons
  11 water moccasins
  26 orc warriors
  2 sky beasts
  A black bear (Lair:3)
  An elephant zombie (Lair:5)
  3 ice beasts
  17 ogres
  3 boggarts (D:14)
  15 wolves
  16 centaurs
  A kobold brigand (D:6)
  A lemure (D:5)
  9 bullfrogs
  A gnoll sergeant (D:10)
  5 scorpions
  2 earth elementals (Elf:1)
  15 wights
  11 killer bees
  6 electric eels
  4 howler monkeys
  3 bombardier beetles
  A gnoll bouda (D:7)
  9 orc priests
  4 hounds
  3 jellies
  Crazy Yiuf (D:5)
  A sleepcap (D:8)
  3 iguanas
  Natasha (twice) (D:4)
  24 orc wizards
  17 gnolls
  4 adders
  2 shadow imps
  A white imp (D:5)
  4 ufetubi (D:6)
  6 dart slugs
  A ribbon worm (D:5)
  54 orcs
  2 giant cockroaches
  3 goblins
  9 hobgoblins
  4 jackals
  8 kobolds
  2 quokkas (D:2)
  4 ball pythons
  4 bats
  A frilled lizard (D:3)
  4 rats
751 creatures vanquished.

Vanquished Creatures (others)
  An unseen horror (D:11)
  A redback (Spider:1)
  A kobold brigand (D:11)
  An orc wizard (D:14)
  2 boulders (D:9)
6 creatures vanquished.

Grand Total: 757 creatures vanquished

Notes
Turn   | Place    | Note
-------+----------+-------------------------------------------
     0 | D:1      | Atlas the Naga Earth Elementalist began the quest for the
                  | Orb.
     0 | D:1      | Reached XP level 1. HP: 15/15 MP: 3/3
   191 | D:1      | Reached XP level 2. HP: 22/22 MP: 1/5
   845 | D:2      | Reached XP level 3. HP: 23/28 MP: 1/6
  1128 | D:2      | Learned a level 3 spell: Passwall
  1542 | D:3      | Reached XP level 4. HP: 8/36 MP: 3/8
  1821 | D:3      | Reached XP level 5. HP: 40/42 MP: 6/10
  2082 | D:3      | Found Tydu's Antique Armour Emporium.
  2706 | D:4      | Found a runed translucent gate.
  2706 | D:4      | Found a runed translucent gate.
  2706 | D:4      | Found a runed translucent gate.
  2706 | D:4      | Noticed Driedwater's ghost (novice OpSh)
  2712 | D:4      | Noticed Edmund
  2718 | D:4      | Learned a level 3 spell: Stone Arrow
  2731 | D:4      | Killed Edmund
  2732 | D:4      | Reached XP level 6. HP: 47/49 MP: 2/13
  2826 | D:4      | Found a snail-covered altar of Cheibriados.
  2829 | D:4      | Became a worshipper of Cheibriados the Contemplative
  2908 | D:4      | Noticed Natasha
  2912 | D:4      | Killed Natasha
  2939 | D:4      | Reached skill level 5 in Spellcasting
  3376 | D:4      | Reached skill level 5 in Earth Magic
  3376 | D:4      | Reached XP level 7. HP: 55/55 MP: 10/14
  3454 | D:4      | Noticed Natasha
  3457 | D:4      | Killed Natasha
  3568 | D:4      | Reached * piety under Cheibriados
  3716 | D:4      | Found a sparkling altar of Nemelex Xobeh.
  3858 | D:5      | Entered Level 5 of the Dungeon
  3864 | D:5      | Reached XP level 8. HP: 37/63 MP: 12/16
  3965 | D:5      | Reached skill level 1 in Armour
  4325 | D:5      | Found a sacrificial altar of Ru.
  4529 | D:5      | Found a transporter.
  4536 | D:5      | Found a transporter.
  4536 | D:5      | Noticed ChongLi's ghost (novice DsAr)
  4570 | D:5      | Reached ** piety under Cheibriados
  4758 | D:5      | Found a stormy altar of Qazlal.
  4759 | D:5      | Noticed Pikel
  4765 | D:5      | Killed Pikel
  4766 | D:5      | Reached XP level 9. HP: 53/69 MP: 12/20
  4815 | D:5      | Found an opulent altar of Gozag.
  4815 | D:5      | Found a glowing silver altar of Zin.
  4906 | D:5      | Found a runed translucent door.
  4907 | D:5      | Noticed Crazy Yiuf
  4911 | D:5      | Killed Crazy Yiuf
  5391 | D:6      | Reached *** piety under Cheibriados
  5769 | D:6      | Found a staircase to the Ecumenical Temple.
  5799 | D:6      | Learned a level 4 spell: Brom's Barrelling Boulder
  5803 | D:6      | Learned a level 3 spell: Mephitic Cloud
  5949 | D:6      | Found a white marble altar of Elyvilon.
  5987 | D:6      | Reached skill level 1 in Shields
  6176 | D:7      | Noticed Maurice
  6185 | D:7      | Killed Maurice
  6186 | D:7      | Reached XP level 10. HP: 76/76 MP: 4/23
  6634 | D:7      | Noticed Joseph
  6644 | D:7      | Killed Joseph
  6931 | D:7      | Noticed Maggie
  6939 | D:7      | Killed Maggie
  7143 | D:8      | Found Haqukhur's Magic Scroll Shoppe.
  7143 | D:8      | Found Jicvigoame's Distillery.
  7152 | D:8      | Bought 2 scrolls of identify for 52 gold pieces
  7152 | D:8      | Bought a scroll of identify for 26 gold pieces
  7152 | D:8      | Bought a scroll of identify for 26 gold pieces
  7152 | D:8      | Bought a scroll of blinking for 97 gold pieces
  7152 | D:8      | Bought 3 scrolls of teleportation for 117 gold pieces
  7152 | D:8      | Bought a scroll of revelation for 97 gold pieces
  7278 | D:8      | Noticed a deep elf pyromancer
  7391 | D:8      | Killed a deep elf pyromancer
  7392 | D:8      | Reached skill level 10 in Earth Magic
  7453 | D:8      | Noticed a kobold demonologist
  7458 | D:8      | Killed a kobold demonologist
  7459 | D:8      | Reached skill level 10 in Spellcasting
  7464 | D:8      | Noticed a two-headed ogre
  7511 | D:8      | Noticed a deep elf pyromancer
  7520 | D:8      | Killed a deep elf pyromancer
  7716 | D:8      | Killed a two-headed ogre
  7717 | D:8      | Reached XP level 11. HP: 79/82 MP: 10/25
  7893 | D:8      | Noticed a deep elf pyromancer
  7897 | D:8      | Killed a deep elf pyromancer
  7897 | D:8      | Noticed a deep elf pyromancer
  7906 | D:8      | Killed a deep elf pyromancer
  7907 | D:8      | Reached skill level 1 in Alchemy
  8145 | D:8      | Got the Incunabulum of Kindling
  8263 | D:8      | Found Comaitz's Antique Weapon Shoppe.
  8289 | D:8      | Found Udo Dopsa's Armour Shoppe.
  8464 | D:8      | Reached skill level 1 in Fighting
  8479 | D:8      | Reached **** piety under Cheibriados
  8727 | D:8      | Found Tihafobb's Antique Weapon Shoppe.
  8810 | D:8      | Found a shimmering blue altar of Sif Muna.
  8976 | D:8      | Identified the ring "Jaadiuzott" {rF+ rC+ Dex+6}
  9181 | D:9      | Found a blossoming altar of Fedhas.
 10155 | D:10     | Entered Level 10 of the Dungeon
 10155 | D:10     | Noticed Psyche
 10159 | D:10     | Killed Psyche
 10290 | D:10     | Reached ***** piety under Cheibriados
 10359 | D:10     | Noticed Amaemon
 10368 | D:10     | Killed Amaemon
 10490 | D:10     | Reached skill level 5 in Armour
 10576 | D:10     | Reached XP level 12. HP: 92/92 MP: 24/27
 10713 | D:10     | Found a broken altar of Ashenzari.
 10731 | D:10     | Noticed Grum
 10988 | D:10     | Found a staircase to the Lair.
 11070 | D:10     | Killed Grum
 12135 | D:11     | Noticed Lodul
 12232 | D:11     | Killed Lodul
 12350 | D:11     | Noticed Erica
 12354 | D:11     | Killed Erica
 12355 | D:11     | Reached skill level 5 in Conjurations
 12759 | D:11     | Reached skill level 1 in Air Magic
 12854 | D:11     | Reached ****** piety under Cheibriados
 13360 | D:12     | Gained mutation: You can use your snake-like lower body to
                  | constrict enemies. [Naga growth]
 13360 | D:12     | Reached XP level 13. HP: 73/100 MP: 26/30
 13600 | D:12     | Learned a level 4 spell: Flame Wave
 13600 | D:12     | Found a staircase to the Orcish Mines.
 13886 | D:12     | Identified the +7 chain mail of Cibbun {rPois rC++ Int-2}
 13905 | D:12     | Reached skill level 1 in Fire Magic
 13910 | D:12     | Reached skill level 5 in Shields
 14566 | D:13     | Identified the +5 scale mail "Zutsiwku" {rF+ Str+4}
 14930 | D:13     | Noticed a vault guard
 15548 | D:13     | Killed a vault guard
 15693 | D:13     | Found a gate to the Vaults.
 16451 | D:14     | Noticed a fire dragon
 16751 | D:15     | Entered Level 15 of the Dungeon
 16821 | D:15     | Learned a level 8 spell: Lehudib's Crystal Spear
 16836 | D:15     | Noticed a stone giant
 16841 | D:15     | Killed a stone giant
 16842 | D:15     | Reached XP level 14. HP: 109/109 MP: 16/31
 16879 | D:14     | Reached skill level 1 in Staves
 17185 | D:15     | Found a staircase to the Depths.
 17578 | D:15     | Found a shimmering blue altar of Sif Muna.
 17649 | D:15     | Reached skill level 5 in Fire Magic
 17916 | Lair:1   | Entered Level 1 of the Lair of Beasts
 18709 | Lair:2   | Found a staircase to the Swamp.
 18709 | Lair:2   | Noticed an eleionoma
 18716 | Lair:2   | Killed an eleionoma
 20519 | Lair:3   | Noticed Nessos
 20529 | Lair:3   | Killed Nessos
 20690 | Lair:3   | Found a hole to the Spider Nest.
 20695 | Lair:3   | Noticed Prince Ribbit
 20704 | Lair:3   | Killed Prince Ribbit
 21182 | Lair:4   | Reached XP level 15. HP: 101/117 MP: 20/33
 21580 | Lair:4   | Found a transporter.
 21585 | Lair:4   | Noticed croobank's ghost (journeyman FeSu)
 21839 | Lair:4   | Identified the +8 quarterstaff of the Lusting Hero
                  | {antimagic, rCorr Str+3 Dex-2}
 22260 | Lair:4   | Found a transporter.
 22664 | Lair:5   | Entered Level 5 of the Lair of Beasts
 22827 | Lair:5   | Found a staircase to the Slime Pits.
 22828 | Lair:5   | Found a viscous altar of Jiyva.
 22834 | Lair:5   | Reached skill level 15 in Spellcasting
 23769 | Lair:5   | Reached skill level 15 in Earth Magic
 26052 | Lair:5   | Reached XP level 16. HP: 123/124 MP: 17/35
 26730 | D:12     | Learned a level 5 spell: Freezing Cloud
 26731 | Orc:1    | Entered Level 1 of the Orcish Mines
 27617 | Orc:2    | Entered Level 2 of the Orcish Mines
 27628 | Orc:2    | Gained mutation: Your spells are a little easier to cast,
                  | but a little less powerful. [a neqoxec]
 27630 | Orc:2    | Gained mutation: You are weak. (Str -2) [a neqoxec]
 27865 | Orc:2    | Gained mutation: You are dopey. (Int -2) [a neqoxec]
 28540 | Orc:2    | Found Tanomael's Jewellery Shop.
 28550 | Orc:2    | Found a staircase to the Elven Halls.
 28609 | Orc:2    | Found Kyam's General Store.
 28719 | Orc:2    | Bought a potion of curing for 45 gold pieces
 28719 | Orc:2    | Bought a scroll of enchant armour for 112 gold pieces
 28719 | Orc:2    | Bought a scroll of teleportation for 45 gold pieces
 28719 | Orc:2    | Bought a wand of roots (2) for 72 gold pieces
 28920 | Orc:2    | Found Zeisotiac's Antique Weapon Shoppe.
 28933 | Orc:2    | Found Toheohar's Antique Armour Shoppe.
 29734 | Elf:1    | Entered Level 1 of the Elven Halls
 29738 | Elf:1    | Noticed an ancient champion
 29739 | Elf:1    | Noticed Couxach's ghost (adept DjFE)
 30127 | Elf:1    | Reached skill level 10 in Shields
 30280 | Elf:1    | Reached skill level 10 in Fire Magic
 30781 | Elf:1    | Found a runed translucent door.
 31296 | Spider:1 | Entered Level 1 of the Spider Nest
 31662 | Spider:1 | Reached XP level 17. HP: 116/133 MP: 17/37
 32139 | D:8      | Bought a +1 helmet for 172 gold pieces
 32139 | D:8      | Bought a +2 pair of gloves for 247 gold pieces
 32703 | Spider:1 | Reached skill level 1 in Invocations
 33525 | Spider:1 | HP: 5/132 [wolf spider simulacrum (9)]
 33526 | Spider:1 | Mangled by a wolf spider simulacrum

Illustrated notes

Levels and vault maps discovered:
D:1:      giann_forest_graveyard, layout_rooms
D:2:      layout_basic
D:3:      layout_basic, serial_shops, shop
D:4:      layout_basic, kennysheep_slug_shrine,
          nemelex_xobeh_ov_fountains_minmay, ebering_ghost_rock_garden,
          uniq_natasha, uniq_edmund
D:5:      minmay_angry_zag, layout_basic, minitemple, gammafunk_ghost_arena,
          minmay_misc_feat_rows, uniq_crazy_yiuf_cottage, uniq_pikel
D:6:      layout_cave_pools, marbit_many_paths, minmay_temple_entry_slanted,
          nicolae_water_bricks, grunt_decor_one_mirror, minmay_joined_circles
D:7:      layout_loops_cross, uniq_joseph, uniq_maurice, uniq_maggie
D:8:      layout_loops_ring, serial_shops, nicolae_shop_getting_attention, shop,
          nicolae_shop_advertising_works [nicolae_subvault_shop_adworks],
          nicolae_shop_tiny_real_fake_doors, nicolae_square_shop,
          serial_library, serial_library_hellmonk_reading_circle,
          serial_library_hellmonk_layered_room,
          serial_library_hellmonk_big_corner,
          serial_library_hellmonk_metal_room, serial_library_hellmonk_octagon,
          serial_library_regret_index_multi, serial_library_hellmonk_h_bend,
          serial_library_hellmonk_hallway_a,
          serial_library_hellmonk_narrow_alcove, kennysheep_generic_room_10
D:9:      layout_loops_cross, fedhas_altar_1
D:10:     layout_cave_pools, cheibrodos_ashenzari_chains,
          minmay_lair_entry_grove, serial_glass, glass_columns_a,
          glass_columns_a, due_unseen_surprise, uniq_amaemon, uniq_psyche,
          uniq_grum
D:11:     minmay_bubble_buster, layout_irregular_city, nicolae_the_louvre,
          uniq_erica, uniq_lodul
D:12:     layout_stronghold, minmay_orc_entry_guard_dogs
D:13:     layout_roguey, erik_vaults_1
D:14:     layout_cave_pools, kennysheep_nondescript, serial_bayou_pond_a,
          hangedman_glass_teeth
D:15:     hangedman_depths_entry_civil_slaughter, layout_rooms,
          lemuel_blue_sif_altar
Lair:1:   layout_big_grid, infiniplex_staircase_pool
Lair:2:   layout_long_grid, alex1729_swamp_entry_worm_eleionoma,
          serial_bayou_pond_e, serial_bayou_lagoon_b, lemuel_fruit_fields
Lair:3:   layout_cave_shapes, spider_nest_entry_rubble, grunt_megastairs_4,
          uniq_prince_ribbit2, uniq_nessos
Lair:4:   layout_regular_city, gammafunk_ghost_arena, beast_lair_carwin_11
Lair:5:   due_jungle_book, layout_misc_corridors, minmay_slime_entry_oklob_open,
          serial_bayou_shore_b
Spider:1: layout_spider_delve, nicolae_spider_twisty_arc_passages
Spider:2: layout_spider_delve, nicolae_spider_eight_legs, uniq_mlioglotl
Orc:1:    layout_caves, nicolae_orc_flooded_monolith
Orc:2:    grunt_orc_gardens, layout_caves, grunt_orc_garden, grunt_orc_garden,
          grunt_orc_garden, grunt_orc_garden
Elf:1:    layout_rooms, hellmonk_ghost_big_iron, kennysheep_underground_church

Skill      XL: |  1  2  3  4  5  6  7  8  9 10 11 12 13 14 15 16 17 |
---------------+----------------------------------------------------+-----
Spellcasting   | 3 4 5 7 9 10 11 13 14 15 16 | 16.4
Earth Magic    | 4 5 6 7 9 10 11 12 13 14 15 16 | 16.1
Armour         | 2 3 5 6 7 |  7.6
Dodging        | 2 3 4 |  4.6
Shields        | 1 4 7 8 9 10 | 10.5
Conjurations   | 3 4 5 6 7 |  7.9
Alchemy        | 1 2 |  2.7
Fighting       | 1 2 3 |  3.8
Air Magic      | 1 |  1.8
Fire Magic     | 4 7 8 10 | 10.7
Staves         | 1 2 |  2.6
Invocations    | 4 |  4.8
Short Blades   | |  0.2
Maces & Flails | |  0.5
Stealth        | |  3.7
Unarmed Combat | |  0.2
Evocations     | |  0.2

Action                     |  1- 3 |  4- 6 |  7- 9 | 10-12 | 13-15 | 16-18 || total
---------------------------+-------+-------+-------+-------+-------+-------++-------
  Melee: Unarmed           |     6 |       |       |       |       |       ||     6
         Dagger            |     5 |     2 |       |       |       |       ||     7
         Flail             |       |       |    17 |     6 |       |       ||    23
         Staff             |       |       |       |     4 |    89 |    97 ||   190
         Constrict         |       |       |       |       |    14 |    28 ||    42
   Cast: Sandblast         |    46 |    55 |   132 |   201 |   615 |   224 ||  1273
         Stone Arrow       |       |     4 |    13 |   154 |   241 |   178 ||   590
         Mephitic Cloud    |       |       |       |    16 |    36 |    31 ||    83
         Brom's Barrelling |       |       |       |     2 |     1 |       ||     3
         Flame Wave        |       |       |       |       |     7 |    13 ||    20
         Freezing Cloud    |       |       |       |       |       |    12 ||    12
Ability: Spit Poison       |     1 |     2 |     1 |       |     1 |       ||     5
  Evoke: Wand              |       |       |       |       |     3 |     1 ||     4
         Sack of spiders   |       |       |       |       |       |     1 ||     1
    Use: Scroll            |       |       |       |    14 |    12 |     5 ||    31
         Potion            |       |       |       |     2 |     1 |     4 ||     7
   Stab: Confused          |       |       |       |       |     8 |    11 ||    19
 Armour: Robe              |    27 |    10 |       |       |       |       ||    37
         Ring mail         |       |    11 |    69 |       |       |   509 ||   589
         Steam dragon scal |       |       |     1 |    14 |       |       ||    15
         Swamp dragon scal |       |       |       |   220 |    30 |       ||   250
         Scale mail        |       |       |       |       |   662 |     1 ||   663
         Chain mail        |       |       |       |       |    50 |       ||    50
  Dodge: Dodged            |    15 |    16 |    28 |    98 |   527 |   297 ||   981
  Block: Other             |     2 |     2 |    21 |    32 |       |       ||    57
         Reflection        |       |       |     6 |    18 |    32 |    26 ||    82
         Kite shield       |       |       |       |   101 |   294 |       ||   395
         Buckler           |       |       |       |       |   465 |   350 ||   815

Table legend: (Time is in decaauts)
 A = Elapsed time spent in this place.
 B = Non-inter-level travel time spent in this place.
 C = Inter-level travel time spent in this place.
 D = Time resting spent in this place.
 E = Time spent auto-exploring this place.
 F = Levels seen in this place.
 G = Mean time per level.
                   A        B        C        D        E       F      G
               +--------+--------+--------+--------+--------+-----+--------+
         Total |  54738 |  50916 |   3822 |   5830 |  37437 |  25 | 2189.5 |
       Dungeon |  29624 |  27383 |   2241 |   2029 |  21461 |  15 | 1974.9 |
          Lair |  15482 |  14484 |    998 |   1772 |  10523 |   5 | 3096.4 |
   Spider Nest |   3125 |   2946 |    179 |    172 |   2294 |   2 | 1562.5 |
  Orcish Mines |   5104 |   4730 |    374 |   1079 |   3035 |   2 | 2552.0 |
   Elven Halls |   1401 |   1373 |     28 |    776 |    123 |   1 | 1401.0 |
               +--------+--------+--------+--------+--------+-----+--------+

Top non-repeatable levels by time:
  Lair:5: 4923 daAuts
    D:12: 3576 daAuts
  Lair:4: 3574 daAuts
  Lair:2: 3124 daAuts
Spider:1: 3115 daAuts
     D:8: 3109 daAuts
   Orc:2: 2865 daAuts
    D:11: 2718 daAuts
     D:9: 2493 daAuts
   Orc:1: 2239 daAuts
    D:10: 2115 daAuts
     D:6: 2009 daAuts
  Lair:1: 1931 daAuts
  Lair:3: 1929 daAuts
    D:14: 1852 daAuts
